 Dungeon Crawl Stone Soup version 0.20.0-15-g7f486f2 (webtiles) character file.

607 poirepourri the Thaumaturge (level 7, -11/37 HPs)
             Began as a Deep Elf Conjurer on June 10, 2017.
             Mangled by an ogre
             ... wielding a +0 giant club
              (14 damage)
             ... on level 5 of the Dungeon.
             The game lasted 00:06:52 (4864 turns).

poirepourri the Thaumaturge (Deep Elf Conjurer)     Turns: 4864, Time: 00:06:52

Health: -11/37     AC:  4    Str: 10    XL:     7   Next: 19%
Magic:  1/20       EV: 13    Int: 22    God:
Gold:   136        SH:  3    Dex: 15    Spells: 8/22 levels left

rFire    . . .     SeeInvis .   l - +1 short sword
rCold    . . .     Gourm    .   (no shield)
rNeg     . . .     Faith    .   a - +2 robe
rPois    .         Spirit   .   (no helmet)
rElec    .         Reflect  +   (no cloak)
rCorr    .         Harm     .   (no gloves)
MR       .....                  (no boots)
Stlth    ++........             e - +3 amulet of reflection
Regen    0.2/turn               (no ring)
MPRegen  0.2/turn               (no ring)

@: mighty
A: no striking features
a: no special abilities


You were on level 5 of the Dungeon.
You were not hungry.

You visited 1 branch of the dungeon, and saw 5 of its levels.

You collected 136 gold pieces.

Inventory:

Hand Weapons
 l - a +1 short sword (weapon)
Armour
 a - a +2 robe (worn)
 k - a cursed +0 scale mail
Jewellery
 e - a +3 amulet of reflection (around neck)
 p - a cursed ring of loudness {unknown}
Scrolls
 m - 2 scrolls of teleportation
 o - 2 scrolls of remove curse
Potions
 h - 3 potions of might
 j - 2 potions of mutation {unknown}
 n - a potion of haste {unknown}
Books
 b - a book of Conjurations

   Spells                             Type                      Level
   a - Magic Dart                     Conjuration                  1
   b - Searing Ray                    Conjuration                  2
   c - Dazzling Spray                 Conjuration/Hexes            3
   d - Fulminant Prism                Conjuration/Hexes            4
   e - Force Lance                    Conjuration/Translocation    4
   f - Iskenderun's Mystic Blast      Conjuration                  4
 g - Jessica's Handbook of Augmentations
   (You found it on level 2 of the Dungeon)

   Spells                             Type                      Level
   a - Song of Slaying                Charms                       2
 s - a book of Minor Magic

   Spells                             Type                      Level
   a - Magic Dart                     Conjuration                  1
   b - Blink                          Translocation                2
   c - Call Imp                       Summoning                    2
   d - Slow                           Hexes                        2
   e - Conjure Flame                  Conjuration/Fire             3
   f - Mephitic Cloud                 Conjuration/Poison/Air       3
Comestibles
 c - 2 bread rations
 f - a meat ration
 r - a royal jelly


   Skills:
 + Level 0.4 Fighting
 + Level 3.3 Dodging
 - Level 2.4 Stealth
 * Level 8.4 Spellcasting
 + Level 6.3 Conjurations
 + Level 1.3 Hexes


You had 8 spell levels left.
You knew the following spells:

 Your Spells              Type           Power        Failure   Level  Hunger
a - Magic Dart            Conj           ####         1%          1    None
b - Searing Ray           Conj           #####.       1%          2    None
c - Dazzling Spray        Conj/Hex       ####..       4%          3    None
d - Fulminant Prism       Conj/Hex       ####......   14%         4    ###....
e - Force Lance           Conj/Tloc      ###.....     19%         4    ###....


Dungeon Overview and Level Annotations

Branches:
Dungeon (6/15)
 Temple: D:4-7

Altars:


Message History

Press: ? - help, Shift-Dir - straight line, f - ogre
Aim: an ogre, wielding a giant club The magic dart hits the ogre.
The ogre is moderately wounded.
The ogre hits you with a giant club!
There is a stone staircase leading down here.
Casting: Magic Dart
Confirm with . or Enter, or press ? or * to list all spells.
Aiming: Dazzling Spray
Press: ? - help, Shift-Dir - straight line, f/p - ogre
Aim: an ogre, wielding a giant club (moderately wounded)
The spray of energy hits the ogre.
The ogre is heavily wounded.
The ogre hits you with a giant club!!
Ouch! That really hurt!
* * * LOW HITPOINT WARNING * * *
Unknown command.
You feel very mighty all of a sudden. The ogre hits you with a giant club!
You die...

#.#.........###
..)............
#..............
.........##..
#..$....##.#
#..)....##.# #(# #.#
#.#####.######.#
#).)....O@.....#
#..#####†#####.########
........)# #.#
#..#####.# #.# #.# #.#
.#.###.#####.#
..............#
##..####..##### # #..#


You could see an ogre.

Vanquished Creatures
  A sky beast (D:5)
  A necrophage (D:5)
  A phantom (D:5)
  A jelly (D:5)
  2 hounds (D:5)
  An orc priest (D:5)
  2 orc wizards
  Jessica (D:2)
  A worker ant zombie (D:5)
  2 adders (D:3)
  2 worms (D:2)
  A dart slug (D:1)
  2 leopard geckos
  6 orcs
  7 giant cockroaches
  10 goblins
  8 hobgoblins
  4 jackals (D:3)
  8 kobolds
  3 quokkas
  7 bats
  13 frilled lizards
  A leopard gecko skeleton (D:5)
  11 rats
96 creatures vanquished.

Vanquished Creatures (others)
  An orc (D:5)
  2 fulminant prisms (D:3)
3 creatures vanquished.

Grand Total: 99 creatures vanquished

Notes
Turn   | Place    | Note
-------+----------+-------------------------------------------
     0 | D:1      | poirepourri the Deep Elf Conjurer began the quest for the Orb.
     0 | D:1      | Reached XP level 1. HP: 10/10 MP: 6/6
   286 | D:1      | Reached XP level 2. HP: 15/15 MP: 4/8
   526 | D:1      | Learned a level 2 spell: Searing Ray
  1064 | D:1      | Reached skill level 4 in Spellcasting
  1206 | D:1      | Reached XP level 3. HP: 19/19 MP: 5/10
  1600 | D:1      | Reached skill level 5 in Conjurations
  1605 | D:1      | Learned a level 3 spell: Dazzling Spray
  2622 | D:2      | Noticed Jessica
  2715 | D:2      | Killed Jessica
  2715 | D:2      | Reached XP level 4. HP: 22/24 MP: 0/12
  2718 | D:2      | Identified Jessica's Handbook of Augmentations
  2854 | D:2      | Learned a level 4 spell: Fulminant Prism
  2890 | D:3      | Reached skill level 5 in Spellcasting
  3024 | D:3      | HP: 1/24 [orc wizard/magic dart (10)]
  3025 | D:3      | Reached XP level 5. HP: 1/28 MP: 3/15
  3510 | D:3      | Learned a level 4 spell: Force Lance
  4071 | D:3      | You fall through a shaft for 3 floors!
  4078 | D:5      | Entered Level 5 of the Dungeon
  4082 | D:5      | Reached skill level 6 in Spellcasting
  4219 | D:5      | Noticed a phantom
  4249 | D:5      | Killed a phantom
  4249 | D:5      | Reached skill level 1 in Hexes
  4249 | D:5      | Reached XP level 6. HP: 22/32 MP: 0/17
  4479 | D:5      | Noticed a sky beast
  4485 | D:5      | Reached skill level 7 in Spellcasting
  4509 | D:5      | Killed a sky beast
  4769 | D:5      | Reached skill level 8 in Spellcasting
  4783 | D:5      | Reached XP level 7. HP: 35/36 MP: 14/20
  4864 | D:5      | Mangled by an ogre

Skill      XL: |  1  2  3  4  5  6 |
---------------+-------------------+-----
Spellcasting   | 4 5 6 8 |  8.4
Conjurations   | 5 6 |  6.3
Dodging        | 3 |  3.3
Hexes          | 1 |  1.3
Fighting       | |  0.4
Stealth        | |  2.4

Action                   |  1- 3 |  4- 6 |  7- 9 || total
-------------------------+-------+-------+-------++-------
Melee: Short sword       |       |     6 |       ||     6
 Cast: Magic Dart        |    94 |    47 |    10 ||   151
       Dazzling Spray    |     4 |       |     1 ||     5
       Searing Ray       |     1 |    16 |     3 ||    20
       Fulminant Prism   |       |     2 |       ||     2
       Force Lance       |       |     2 |       ||     2
  Use: Scroll            |     8 |     4 |       ||    12
       Potion            |       |     6 |     1 ||     7
  Eat: Fruit             |     3 |       |       ||     3
       Meat ration       |     1 |     1 |       ||     2
Armor: Robe              |     1 |     7 |     1 ||     9
Dodge: Dodged            |     7 |    19 |     6 ||    32
Block: Other             |       |     3 |     2 ||     5
       Reflection        |       |     1 |       ||     1
